 Dungeon Crawl Stone Soup version 0.29-a0-344-ge2f44be95a (webtiles) character file.

Game seed: 3252095981098586188

522 Ijustatesigmund the Magician (level 7, -5/38 HPs)
             Began as a Deep Elf Conjurer on Apr 22, 2022.
             Slain by a centaur (6 damage)
             ... on level 5 of the Dungeon.
             The game lasted 00:11:06 (5144 turns).

Ijustatesigmund the Magician (Deep Elf Conjurer)    Turns: 5144, Time: 00:11:07

Health: -5/38      AC:  3    Str:  4    XL:     7   Next: 1%
Magic:  17/19      EV: 12    Int: 25    God:
Gold:   147        SH:  0    Dex: 13    Spells: 16/19 levels left

rFire   . . .      SeeInvis .   j - staff of conjuration
rCold   . . .      Faith    .   (no shield)
rNeg    + . .      Spirit   .   a - +0 robe
rPois   .          Reflect  .   (no helmet)
rElec   .          Harm     .   o - +0 cloak
rCorr   .          Rampage  .   (no gloves)
Will    .....                   (no boots)
Stlth   ++........              q - amulet of magic regeneration
HPRegen 0.12/turn               c - ring of positive energy
MPRegen 0.56/turn               (no ring)

@: flying
A: no striking features
a: no special abilities


You were on level 5 of the Dungeon.
You visited 1 branch of the dungeon, and saw 5 of its levels.

You collected 147 gold pieces.

Inventory:

Hand Weapons
 d - a +4 dagger of flaming
Armour
 a - a +0 robe (worn)
 e - +0 pearl dragon scales
 o - a +0 cloak (worn)
Magical Staves
 j - a staff of conjuration (weapon)
Jewellery
 c - a ring of positive energy (left hand)
 q - an amulet of magic regeneration (around neck)
Wands
 r - a wand of polymorph (2)
Scrolls
 h - a scroll of holy word
 i - a scroll of blinking
 k - a scroll of teleportation
Potions
 b - a potion of magic
 m - a potion of invisibility {unknown}
 n - a potion of mutation {unknown}
 u - a potion of brilliance {unknown}


   Skills:
 - Level 1.2 Fighting
 - Level 1.6 Short Blades
 - Level 1.2 Armour
 - Level 2.4 Dodging
 - Level 2.4 Stealth
 + Level 6.8 Spellcasting
 + Level 6.7 Conjurations


You had 16 spell levels left.
You knew the following spells:

 Your Spells              Type           Power      Damage    Failure   Level
a - Magic Dart            Conj           100%       1d8       1%          1
b - Searing Ray           Conj           100%       2d8       1%          2

Your spell library contained the following spells:

 Spells                   Type           Power      Damage    Failure   Level
 Dazzling Flash           Conj/Hex       76%        N/A       5%          3
 Slow                     Hex            32%        N/A       7%          1
 Mephitic Cloud           Conj/Pois/Air  29%        N/A       9%          3
 Call Imp                 Summ           8%         N/A       11%         2
 Fulminant Prism          Conj/Hex       19%        3d11      17%         4
 Iskenderun's Mystic Bla  Conj/Tloc      38%        2d9       17%         4
 Confusing Touch          Hex            8%         N/A       21%         3
 Gell's Gravitas          Tloc           8%         N/A       21%         3
 Lesser Beckoning         Tloc           8%         N/A       21%         3
 Teleport Other           Tloc           8%         N/A       21%         3
 Vampiric Draining        Necr           8%         2d6       21%         3


Dungeon Overview and Level Annotations

Branches:
Dungeon (5/15)
 Temple: D:4-7

Altars:
Ru
Sif Muna
Trog
Zin

Annotations:
D:5 Edmund


Message History

Aiming: Magic Dart (safe; 1% risk of failure)
Press: ? - help, Shift-Dir - straight line, f - centaur
Aim: a centaur (asleep, 100% to hit)
You feel a surge of power!
The magic dart hits the centaur.
The centaur is lightly wounded.
The centaur shouts!
The centaur wields a +0 shortbow.
The centaur shoots an arrow.
The arrow hits you!
The centaur shoots an arrow.
The arrow hits you!
You are too injured to fight recklessly!
You are too injured to fight recklessly!
Unknown command.
Okay, then.
Blink to where?
Press: ? - help, Dir - move target, p - centaur
As you read the scroll of blinking, it crumbles to dust.
The centaur unwields a +0 shortbow.
The centaur hits you.
* * * LOW HITPOINT WARNING * * *
The centaur kicks you but does no damage.
It was a potion of flight.
You feel very buoyant.
You fly up into the air.
The centaur hits you.
* * * LOW HITPOINT WARNING * * *
The centaur closely misses you.
Casting: Magic Dart (safe; 1% risk of failure)
Confirm with . or Enter, or press ? or * to list all spells.
Aiming: Searing Ray (safe; 1% risk of failure)
Press: ? - help, Shift-Dir - straight line, f - centaur
Aim: a centaur (lightly wounded, 90% to hit)
You feel a surge of power!
The searing ray hits the centaur!
The centaur is heavily wounded. (Press . to maintain the ray.)
The centaur hits you but does no damage.
The centaur kicks you but does no damage.
The centaur hits you.
* * * LOW HITPOINT WARNING * * *
The centaur closely misses you.
The searing ray hits the centaur.
The centaur is almost dead.
The centaur hits you.
You die...

#........##
#.......>.##
#..........#
##..........##
#............#
#............#
#..............
#...............
#....@.....##...
##...c....## #..
#........#
##....####
###### ###.###
##......#
#........


You could see a centaur.

Vanquished Creatures
  A phantom (D:4)
  2 scorpions (D:4)
  A jelly (D:4)
  Crazy Yiuf (D:3)
  Terence (D:3)
  Jessica (D:2)
  An iguana (D:2)
  Ijyb (D:3)
  An orc wizard (D:4)
  3 gnolls (D:4)
  3 adders
  A worm (D:2)
  A dart slug (D:3)
  5 orcs
  5 bats
  11 endoplasms
  4 giant cockroaches
  9 goblins
  8 hobgoblins
  3 jackals (D:2)
  5 quokkas
  A ball python (D:2)
  7 frilled lizards
  4 kobolds
  8 rats
88 creatures vanquished.

Notes
Turn   | Place    | Note
-------+----------+-------------------------------------------
     0 | D:1      | Ijustatesigmund the Deep Elf Conjurer began the quest for
                  | the Orb.
     0 | D:1      | Reached XP level 1. HP: 10/10 MP: 6/6
    99 | D:1      | Reached XP level 2. HP: 15/15 MP: 1/8
   102 | D:1      | Learned a level 2 spell: Searing Ray
   928 | D:2      | Reached XP level 3. HP: 19/19 MP: 8/10
   968 | D:2      | Reached skill level 5 in Conjurations
   976 | D:2      | Noticed Jessica
   983 | D:2      | Killed Jessica
  1374 | D:2      | Reached XP level 4. HP: 24/24 MP: 4/12
  1530 | D:2      | Reached skill level 5 in Spellcasting
  2233 | D:3      | Found a runed translucent door.
  2234 | D:3      | Noticed Crazy Yiuf
  2306 | D:3      | Noticed Terence
  2504 | D:3      | Killed Terence
  2505 | D:3      | Reached XP level 5. HP: 11/28 MP: 5/14
  2701 | D:3      | Found a sacrificial altar of Ru.
  3071 | D:3      | Found a glowing silver altar of Zin.
  3396 | D:3      | Found a bloodstained altar of Trog.
  3397 | D:3      | Noticed Ijyb
  3404 | D:3      | Killed Ijyb
  3405 | D:3      | Reached skill level 1 in Short Blades
  3603 | D:3      | Killed Crazy Yiuf
  3604 | D:3      | Reached skill level 1 in Fighting
  3821 | D:4      | Noticed a phantom
  3826 | D:4      | Killed a phantom
  3827 | D:4      | Reached skill level 1 in Armour
  3827 | D:4      | Reached XP level 6. HP: 34/34 MP: 9/16
  4718 | D:4      | Reached XP level 7. HP: 20/38 MP: 13/19
  4903 | D:4      | Found a shimmering blue altar of Sif Muna.
  5090 | D:5      | Entered Level 5 of the Dungeon
  5092 | D:5      | Noticed Edmund
  5143 | D:5      | HP: 1/38 [centaur (4)]
  5144 | D:5      | Slain by a centaur

Illustrated notes

Levels and vault maps discovered:
D:1:      lightli_arrival_maybe_door_vault, layout_basic, st_stairs_14,
          minmay_misc_feat_ornament
D:2:      minmay_evil_eye, layout_loops_ring, uniq_jessica
D:3:      layout_basic, zin_treasury, trog_book,
          nicolae_ru_sacrificial_ziggurat, minmay_misc_feat_x, uniq_ijyb,
          uniq_terence, uniq_crazy_yiuf_cottage
D:4:      layout_cave_pools, tgw_sif, nrook_campfire
D:5:      layout_cave_pods, ashenzari_altar_1,
          nicolae_dithmenos_through_a_glass_darkly, uniq_edmund

Skill      XL: |  1  2  3  4  5  6 |
---------------+-------------------+-----
Spellcasting   | 4 5 6 |  6.8
Conjurations   | 5 6 |  6.7
Short Blades   | 1 |  1.6
Fighting       | 1 |  1.2
Armour         | 1 |  1.2
Dodging        | |  2.4
Stealth        | |  2.4

Action                   |  1- 3 |  4- 6 |  7- 9 || total
-------------------------+-------+-------+-------++-------
Melee: Dagger            |       |    25 |       ||    25
       Punch             |       |     1 |       ||     1
 Cast: Magic Dart        |    66 |    93 |     3 ||   162
       Searing Ray       |     1 |    10 |     2 ||    13
Evoke: Wand              |       |     2 |       ||     2
  Use: Scroll            |     4 |     6 |     3 ||    13
       Potion            |       |       |     1 ||     1
Armor: Pearl dragon scal |       |    13 |       ||    13
       Robe              |       |       |     3 ||     3
Dodge: Dodged            |     4 |    18 |     3 ||    25

Table legend: (Time is in decaauts)
 A = Elapsed time spent in this place.
 B = Non-inter-level travel time spent in this place.
 C = Inter-level travel time spent in this place.
 D = Time resting spent in this place.
 E = Time spent auto-exploring this place.
 F = Levels seen in this place.
 G = Mean time per level.
                   A        B        C        D        E       F      G
               +--------+--------+--------+--------+--------+-----+--------+
         Total |   5148 |   5027 |    121 |   1096 |   3315 |   5 | 1029.6 |
       Dungeon |   5148 |   5027 |    121 |   1096 |   3315 |   5 | 1029.6 |
               +--------+--------+--------+--------+--------+-----+--------+

Top non-repeatable levels by time:
     D:2: 1609 daAuts
     D:3: 1404 daAuts
     D:4: 1330 daAuts
     D:1: 781 daAuts
     D:5: 23 daAuts
